 Dungeon Crawl Stone Soup version 0.24.0-123-gd5b16e6ec5 (webtiles) character file.

Game seed: 14311186052112609919, levelgen mode: deterministic

114 brucemayne the Chopper (level 4, 0/39 HPs)
             Began as a Hill Orc Monk on Jan 26, 2020.
             Succumbed to an adder's poison
             ... on level 3 of the Dungeon.
             The game lasted 00:03:27 (867 turns).

brucemayne the Chopper (Hill Orc Monk)               Turns: 867, Time: 00:03:28

Health: 0/39       AC:  5    Str: 14    XL:     4   Next: 98%
Magic:  4/4        EV: 11    Int: 10    God:
Gold:   97         SH:  0    Dex: 13    Spells: 3/3 levels left

rFire    . . .     SeeInvis .   o - +0 broad axe
rCold    . . .     Gourm    .   (no shield)
rNeg     . . .     Faith    .   g - +0 ring mail
rPois    .         Spirit   .   (no helmet)
rElec    .         Reflect  .   (no cloak)
rCorr    .         Harm     .   (no gloves)
MR       .....                  (no boots)
Stlth    +.........             (no amulet)
HPRegen  0.13/turn              l - ring of wizardry
MPRegen  0.09/turn              (no ring)

@: lethally poisoned (0 -> -4)
A: no striking features
a: no special abilities


You were on level 3 of the Dungeon.
You were not hungry.

You visited 1 branch of the dungeon, and saw 4 of its levels.

You collected 97 gold pieces.

Inventory:

Hand Weapons
 a - a +0 hand axe
 d - a +2 whip of freezing
 o - a +0 broad axe (weapon)
Missiles
 i - 9 poisoned darts (quivered)
Armour
 b - a +0 robe
 g - a +0 ring mail (worn)
 h - a +0 chain mail
 m - a cursed +0 leather armour
Jewellery
 f - an uncursed ring of ice
 l - a ring of wizardry (left hand)
Wands
 k - a wand of random effects (13)
Comestibles
 c - 2 rations


   Skills:
 - Level 3.6 Fighting
 + Level 7.3 Axes
 - Level 2.4 Dodging
 - Level 1.5 Stealth


You had 3 spell levels left.
You didn't know any spells.
Your spell library was empty.

Dungeon Overview and Level Annotations

Branches:
Dungeon (4/15)
 Temple: D:4-7

Altars:
Cheibriados

Annotations:
D:2 Sigmund


Message History

Unknown command.
You aren't carrying any potions.
You slash the adder!
The adder is severely wounded.
The bat hits you but does no damage. The adder bites you.
* * * LOW HITPOINT WARNING * * *
You are more poisoned.
The adder poisons you! The adder closely misses you.
You hit the adder.
You kill the adder!
* * * LOW HITPOINT WARNING * * *
You feel sick. The bat misses you. The bat hits you but does no damage.
Unknown command.
* * * LOW HITPOINT WARNING * * *
You feel sick. The bat barely misses you.
You see here a poisoned dart.
You slash the bat!
You kill the bat!
Unknown command.
You die...

#........#
####.####.#
#.# ##.#
#..# #.##
#># #(# #@#
#<# #.# #.#
#.# #(# #.#
#.# #.#


There were no monsters in sight!

Vanquished Creatures
  Jessica (D:1)
  4 gnolls (D:4)
  2 adders
  2 dart slugs (D:1)
  8 bats
  3 giant cockroaches (D:1)
  A goblin (D:1)
  A hobgoblin (D:1)
  4 jackals (D:1)
  A ball python (D:1)
  A frilled lizard (D:2)
  4 kobolds (D:1)
  A rat (D:1)
33 creatures vanquished.

Notes
Turn   | Place    | Note
-------+----------+-------------------------------------------
     0 | D:1      | brucemayne the Hill Orc Monk began the quest for the Orb.
     0 | D:1      | Reached XP level 1. HP: 19/19 MP: 1/1
    96 | D:1      | Reached XP level 2. HP: 21/26 MP: 2/2
   106 | D:1      | Reached skill level 5 in Axes
   258 | D:2      | Found a snail-covered altar of Cheibriados.
   280 | D:2      | Noticed Jessica
   280 | D:2      | Noticed Sigmund
   301 | D:1      | Killed Jessica
   301 | D:1      | Reached skill level 6 in Axes
   301 | D:1      | Reached XP level 3. HP: 3/31 MP: 3/3
   716 | D:4      | Reached XP level 4. HP: 35/39 MP: 4/4
   808 | D:4      | Reached skill level 7 in Axes
   818 | D:4      | Noticed a phantom
   865 | D:3      | HP: 1/39 [poisoned by an adder]
   867 | D:3      | Succumbed to an adder's poison

Levels and vault maps discovered:
D:1:      dpeg_arrival_arbitrary_b, layout_loops_cross
D:2:      layout_basic, lemuel_round_altar,
          chequers_temple_overflow_statue_of_worship, first_ration,
          uniq_jessica, uniq_sigmund
D:3:      layout_loops_cross, lemuel_crystal_altar
D:4:      layout_basic, lightli_temple_of_fire, serial_co_window_serial,
          co_window_paths_a, co_window_paths_a, co_window_paths_a,
          co_window_corner_a, co_window_corner_a, co_window_paths_a,
          co_window_broadway_a, co_window_paths_c, co_window_broadway_c,
          co_window_paths_c, co_window_sun, gammafunk_ghost_grave,
          bloody_makhleb

Skill      XL: |  1  2  3  4 |
---------------+-------------+-----
Axes           | 6 7 |  7.3
Fighting       | |  3.6
Dodging        | |  2.4
Stealth        | |  1.5

Action                   |  1- 3 |  4- 6 || total
-------------------------+-------+-------++-------
Melee: Hand axe          |    73 |     1 ||    74
       Broad axe         |       |    15 ||    15
Throw: Dart              |       |    19 ||    19
  Use: Potion            |     1 |     1 ||     2
       Scroll            |       |     2 ||     2
 Stab: Sleeping          |     1 |       ||     1
Armor: Ring mail         |    37 |     8 ||    45
Dodge: Dodged            |    62 |    23 ||    85
